Map: Cyber Forest LE

Players

souL

  • Race: Terran Terran
  • Spawn Location: 5:00

SortOf - Winner!

  • Race: Zerg Zerg
  • Spawn Location: 11:00

Event: 2019 WCS Spring

VOD

Have the link to the VOD?

Description

Time

  • Played on: May 17, 2019, 12:20 p.m.
  • Length: 9:27

All games in this series

Show
View Real Time Build Order
Export as new Build Order

souL Terran 

Build Orders: Reaper Expand 

Get SALT Encoding   

  12  0:00  SCV  
  13  0:12  SCV  
  14  0:17  Supply Depot  
  14  0:25  SCV  
  15  0:38  SCV  
  15  0:40  Barracks  
  16  0:44  Refinery  
  16  0:51  SCV  
  17  1:03  SCV  
  18  1:15  SCV  
  19  1:26  Reaper  
  19  1:27  Orbital Command  
  20  1:40  Command Center  
  20  1:49  Supply Depot  
  20  1:54  SCV  
  21  1:58  Marine  
  22  2:06  SCV  
  22  2:08  Factory  
  23  2:12  Refinery  
  23  2:18  SCV  
  23  2:20  Barracks Reactor  
  24  2:30  SCV  
  25  2:42  SCV  
  26  2:52  Starport  
  26  2:53  Orbital Command  
  26  2:57  SCV  
  27  3:04  Hellion x2  
  31  3:09  SCV  
  31  3:11  Barracks Tech Lab  
  32  3:19  SCV  
  33  3:21  SCV  
  33  3:26  Hellion x2  
  33  3:27  Refinery x2  
  38  3:32  Fusion Core  
  38  3:33  SCV  
  39  3:36  SCV  
  40  3:42  Supply Depot  
  40  3:46  SCV  
  40  3:48  SCV  
  42  3:58  SCV  
  42  4:00  SCV  
  44  4:05  Supply Depot  
  44  4:10  SCV  
  44  4:12  SCV  
  46  4:18  Battlecruiser  
  46  4:22  SCV  
  53  4:24  SCV  
  53  4:27  Starport, Supply Depot  
  53  4:30  Barracks Tech Lab  
  54  4:34  SCV  
  54  4:36  SCV  
  56  4:39  Starport  
  55  4:46  SCV  
  55  4:47  Supply Depot  
  55  4:48  SCV, Weapon Refit  
  57  4:55  Supply Depot  
  57  4:58  SCV  
  58  5:00  SCV  
  59  5:10  SCV  
  59  5:12  SCV  
  61  5:17  Starport Tech Lab  
  61  5:22  SCV  
  61  5:25  SCV  
  63  5:34  SCV  
  64  5:37  SCV, Battlecruiser  
  64  5:42  Battlecruiser  
  77  5:44  Barracks Tech Lab  
  77  5:45  Supply Depot  
  77  5:47  SCV  
  77  5:49  SCV  
  79  5:56  Engineering Bay  
  75  5:57  Engineering Bay  
  75  5:58  Supply Depot  
  75  5:59  SCV  
  75  6:00  Hellion x2  
  75  6:01  SCV  
  75  6:03  Engineering Bay  
  77  6:11  SCV  
  78  6:13  SCV  
  78  6:23  SCV  
  78  6:25  SCV  
  58  6:35  SCV  
  58  6:37  SCV  
  24  7:14  Orbital Command  
  18  7:29  Starport Tech Lab  
  18  8:12  Orbital Command  
  18  8:26  Starport Tech Lab  
Show
View Real Time Build Order
Export as new Build Order

SortOf Zerg - Winner!

Build Orders: Hatch First 

Get SALT Encoding   

  12  0:00  Drone  
  13  0:12  Overlord  
  13  0:17  Drone  
  14  0:30  Drone  
  14  0:31  Drone  
  16  0:48  Hatchery  
  15  0:52  Drone  
  15  0:56  Drone  
  17  1:01  Drone  
  18  1:15  Extractor  
  17  1:18  Spawning Pool  
  17  1:21  Drone  
  17  1:22  Drone  
  18  1:28  Drone  
  19  1:38  Drone  
  20  1:51  Drone  
  21  2:04  Queen  
  21  2:05  Queen, Zergling x4  
  27  2:13  Overlord  
  27  2:20  Drone  
  28  2:25  Hatchery  
  28  2:28  Drone  
  28  2:32  Drone  
  28  2:34  Drone  
  30  2:38  Metabolic Boost  
  30  2:50  Drone x2  
  30  2:51  Overlord  
  31  2:59  Queen  
  31  3:02  Drone  
  34  3:07  Drone x2  
  34  3:10  Drone  
  37  3:17  Drone x2  
  37  3:19  Queen  
  41  3:21  Drone  
  41  3:25  Overlord  
  42  3:28  Drone  
  42  3:29  Drone  
  44  3:35  Overlord  
  44  3:43  Overlord, Queen  
  44  3:44  Drone  
  44  3:46  Drone  
  48  3:53  Drone x2  
  50  3:56  Zergling x4  
  50  4:02  Lair, Drone x2  
  54  4:03  Drone  
  54  4:07  Drone  
  56  4:11  Zergling x4  
  56  4:13  Drone x2  
  56  4:14  Extractor  
  59  4:20  Queen, Baneling Nest  
  60  4:29  Drone x5  
  65  4:32  Overlord  
  65  4:37  Drone x4  
  69  4:41  Queen  
  71  4:47  Spore Crawler  
  71  4:50  Drone x4  
  74  4:58  Overlord  
  73  5:00  Zergling x6  
  73  5:04  Nydus Network  
  73  5:06  Spore Crawler  
  73  5:07  Spore Crawler  
  73  5:08  Zergling x4  
  73  5:09  Overseer  
  72  5:14  Queen  
  72  5:18  Zergling x10  
  72  5:20  Zergling x2  
  80  5:23  Zergling x2  
  80  5:24  Overlord  
  81  5:37  Overlord  
  81  5:38  Overlord x2  
  81  5:46  Nydus Canal  
  81  5:51  Overlord  
  81  5:52  Overlord  
  81  5:55  Queen x2  
  81  5:56  Zergling x22  
  95  5:58  Baneling x4  
  95  6:00  Nydus Canal  
  95  6:03  Zergling x6  
  98  6:04  Zergling x2  
  98  6:06  Queen  
  98  6:10  Zergling x2  
  102  6:12  Zergling x2  
  102  6:15  Zergling x4, Nydus Canal  
  102  6:16  Zergling x4  
  107  6:19  Zergling x2  
  107  6:24  Zergling x2  
  107  6:30  Queen, Zergling x4  
  107  6:31  Queen  
  107  6:32  Zergling x4  
  111  6:33  Zergling x2  
  111  6:34  Nydus Canal  
  111  6:35  Zergling x2  
  111  6:37  Zergling x2  
  111  6:38  Zergling x6  
  114  6:46  Extractor, Spire  
  106  6:48  Zergling x4  
  106  6:50  Zergling x2  
  104  6:58  Queen  
  96  7:02  Drone x3  
  96  7:04  Drone x2  
  96  7:06  Queen x2  
  99  7:10  Drone  
  94  7:16  Spore Crawler  
  94  7:17  Spore Crawler x2  
  94  7:18  Spore Crawler x3  
  82  7:27  Spire  
  79  7:34  Queen  
  80  7:38  Spore Crawler  
  80  7:41  Spore Crawler  
  80  7:42  Queen x2  
  82  7:51  Drone  
  82  7:52  Extractor, Drone x2  
  82  7:53  Drone  
  82  7:54  Drone x2, Nydus Canal  
  82  7:55  Extractor  
  82  8:02  Spawning Pool  
  67  8:25  Overlord  
  61  8:44  Corruptor x3  
  65  8:50  Queen  
  69  8:58  Corruptor  
  69  9:02  Drone x3  
  72  9:08  Overlord  
Tags
 
Add a new tag
Caveats
  • Supply blocks, unpowered buildings, or Contaminate may cause inaccurate times.
  • Supply counts are checked every 10 seconds.